 Dungeon Crawl Stone Soup version 0.32-a0-913-g739538afd8 (webtiles) character file.

Game seed: 4964702372925540825

834 DEFE the Chopper (level 7, -5/52 HPs)
             Began as a Coglin Fighter on Apr 8, 2024.
             Was a Believer of Okawaru.
             Slain by an ogre
             ... wielding a +0 giant club
              (19 damage)
             ... on level 6 of the Dungeon.
             The game lasted 00:03:08 (3992 turns).

DEFE the Chopper (Coglin Fighter)                   Turns: 3992, Time: 00:03:08

Health: -5/52      AC: 11    Str: 16    XL:     7   Next: 98%
Magic:  9/9        EV:  8    Int: 14    God:    Okawaru [**....]
Gold:   184        SH:  0    Dex: 13    Spells: 6/6 levels left

rFire   . . .        a - +0 war axe {Hwan}
rCold   . . .        m - +0 war axe {Arun}
rNeg    . . .        x - +5 scale mail of the Blacksmith {rPois Str-3 Int+7}
rPois   +            (no helmet)
rElec   .            (no cloak)
rCorr   .            (no gloves)
SInv    .            (no boots)
Will    .....        (amulet unavailable) Stlth
                     (ring unavailable)
HPRegen 0.28/turn    (ring unavailable)
MPRegen 0.11/turn    (no gizmo)

%: no passive effects
@: revved
A: off-hand wielding, slow wielding, warmup strikes, no jewellery
a: Invent Gizmo, Renounce Religion, Heroism


You were on level 6 of the Dungeon.
You worshipped Okawaru.
Okawaru was pleased with you.
You visited 2 branches of the dungeon, and saw 7 of its levels.
You also visited: Sewer.

You collected 184 gold pieces.

Inventory:

Hand Weapons
 a - a +0 war axe (weapon) {Hwan}
 m - a +0 war axe (offhand) {Arun}
 o - the +7 rapier of Xiufeygi {vamp, Str+4 Int+3 Dex-5}
   (You found it on level 3 of the Dungeon)

   Str+4:     It affects your strength (+4).
   Int+3:     It affects your intelligence (+3).
   Dex-5:     It affects your dexterity (-5).
Armour
 b - a +0 scale mail
 c - a +0 buckler
 x - the +5 scale mail of the Blacksmith (worn) {rPois Str-3 Int+7}
   (You found it on level 5 of the Dungeon)

   Str-3:     It affects your strength (-3).
   Int+7:     It affects your intelligence (+7).
   rPois:     It protects you from poison.
Scrolls
 f - a scroll of identify
 g - a scroll of blinking
 h - 3 scrolls of noise
 i - a scroll of revelation
 k - 2 scrolls of enchant weapon
 l - 2 scrolls of poison {unknown}
 s - 4 scrolls of teleportation {unknown}
 y - a scroll of immolation {unknown}
Potions
 d - 3 potions of might
 e - 2 potions of invisibility {unknown}
 j - a potion of haste {unknown}
 n - 4 potions of curing {unknown}
 p - 2 potions of heal wounds {unknown}
 q - a potion of berserk rage {unknown}
 r - 2 potions of attraction {unknown}
 t - 2 potions of degeneration {unknown}
 u - a potion of magic {unknown}
 v - a potion of cancellation {unknown}
 w - a potion of enlightenment {unknown}


   Skills:
 - Level 3.0 Fighting
 + Level 7.5 Axes
 - Level 2.6 Armour
 - Level 2.1 Shields
 + Level 3.6 Invocations


You had 6 spell levels left.
You didn't know any spells.
Your spell library contained the following spells:

 Spells                   Type           Power      Damage    Failure   Level
 Cigotuvi's Dreadful Rot  Necr/Alch/Air  0%         N/A       83%         2
 Ensorcelled Hibernation  Hex/Ice        0%         N/A       83%         2
 Passwall                 Erth           0%         N/A       97%         3
 Swiftness                Air            0%         N/A       97%         3
 Dispel Undead            Necr           0%         3d6       100%        4
 Martyr's Knell           Necr/Summ      Unusable   N/A       N/A         4

Dungeon Overview and Level Annotations

Branches:
Dungeon (6/15)             Temple (1/1) D:4           Sewer (visited)

Altars:
Ashenzari
Cheibriados
Elyvilon
Fedhas
Gozag
Hepliaklqana
Nemelex Xobeh
Okawaru
Qazlal
Ru
Trog
Uskayaw
Vehumet
Wu Jian
Xom
Yredelemnul
Zin
The Shining One


Innate Abilities, Weirdness & Mutations

You can wield a second weapon in your off-hand.
It takes a long time for you to wield or remove held weapons.
Your first few attacks do less damage.
You cannot equip rings or amulets.


Message History

There are monsters nearby!
There are monsters nearby!
The adder bites you but does no damage.
You closely miss the adder with your +0 war axe.
You hit the adder with your +0 war axe. The adder bites you.
You slash the adder with your +0 war axe!
The adder is almost dead.
You closely miss the adder with your +0 war axe.
The adder bites you but does no damage. x2
You closely miss the adder with your +0 war axe.
The adder is almost dead.
You hit the adder with your +0 war axe.
You kill the adder!
Okawaru accepts your kill. The ogre closely misses you.
You hit the ogre with your +0 war axe.
The ogre is lightly wounded.
You slash the ogre with your +0 war axe!
The ogre hits you with a +0 giant club!!
Ouch! That really hurt!
You are too injured to fight recklessly!
You are too injured to fight recklessly!
You are too injured to fight recklessly!
You are too injured to fight recklessly!
You are too injured to fight recklessly!
Unknown command.
You are too injured to fight recklessly!
Unknown command.
You slash the ogre with your +0 war axe!
The ogre is severely wounded.
You barely miss the ogre with your +0 war axe.
You hit the ogre but do no damage.
The ogre is severely wounded.
You hit the ogre with your +0 war axe. The ogre hits you with a +0 giant club!
* * * LOW HITPOINT WARNING * * *
You barely miss the ogre with your +0 war axe.
The ogre is almost dead.
You barely miss the ogre with your +0 war axe.
The ogre hits you with a +0 giant club!!
You die...

####....#
##..#....#
........##
##....... ..
#.......# ...
#.......###....
#.....†......#
#.....@O.....#
#!...<.......#
##............
#.............
#.............#
............##..
............# .
##...........
#..$.........


You could see an ogre.

Vanquished Creatures
  A water moccasin (D:5)
  An ogre (D:5)
  A phantom (D:4)
  2 brain worms (Sewer)
  A bombardier beetle (D:4)
  2 hounds (D:5)
  A jelly (D:4)
  An orc priest (D:4)
  An iguana (D:5)
  8 adders
  A gnoll (D:1)
  5 river rats (Sewer)
  6 ribbon worms
  3 dart slugs
  3 orcs (D:4)
  4 endoplasms
  3 giant cockroaches
  9 goblins
  8 hobgoblins
  10 jackals
  7 kobolds
  3 quokkas
  13 ball pythons
  12 bats
  10 frilled lizards
  12 rats
128 creatures vanquished.

Notes
Turn   | Place    | Note
-------+----------+-------------------------------------------
     0 | D:1      | DEFE the Coglin Fighter began the quest for the Orb.
     0 | D:1      | Reached XP level 1. HP: 18/18 MP: 1/1
     6 | D:1      | Noticed a komodo dragon
     6 | D:1      | Noticed a lindwurm
     6 | D:1      | Noticed a wolf
     7 | D:1      | Noticed a killer bee
     7 | D:1      | Noticed a black bear
    89 | D:1      | Reached XP level 2. HP: 22/24 MP: 2/2
   108 | D:1      | Reached skill level 3 in Axes
   222 | D:1      | Reached XP level 3. HP: 27/29 MP: 3/3
   433 | D:1      | Reached skill level 4 in Axes
   751 | D:2      | Reached XP level 4. HP: 22/35 MP: 4/4
  1489 | D:3      | Identified the +7 rapier of Xiufeygi {vamp, Str+4 Int+3
                  | Dex-5}
  1533 | D:3      | Reached skill level 5 in Axes
  1583 | D:3      | Reached XP level 5. HP: 41/41 MP: 5/5
  1914 | D:4      | Noticed a phantom
  1927 | D:4      | Killed a phantom
  1975 | D:4      | Found a staircase to the Ecumenical Temple.
  1985 | Temple   | Entered the Ecumenical Temple
  1993 | Temple   | Became a worshipper of Warmaster Okawaru
  2263 | D:4      | Reached skill level 6 in Axes
  2263 | D:4      | Reached XP level 6. HP: 38/47 MP: 6/6
  2451 | D:4      | Reached skill level 1 in Invocations
  2937 | D:5      | Entered Level 5 of the Dungeon
  2968 | D:5      | Noticed a water moccasin
  2970 | D:5      | Reached XP level 7. HP: 43/52 MP: 8/8
  2970 | D:5      | Reached * piety under Okawaru
  2976 | D:5      | Reached skill level 7 in Axes
  3180 | D:5      | Found a glowing drain.
  3191 | Sewer    | Entered a sewer
  3423 | Sewer    | Reached ** piety under Okawaru
  3736 | D:5      | Identified the +5 scale mail of the Blacksmith {rPois Str-3
                  | Int+7}
  3992 | D:6      | Slain by an ogre

Illustrated notes

Levels and vault maps discovered:
D:1:      onia_arrival_zoo_common, layout_rooms
D:2:      layout_rooms
D:3:      layout_basic, chequers_serial_rivers_micro_c
D:4:      layout_basic, minmay_temple_entry_glass
D:5:      layout_cave_pools, cheibrodos_sewer_entry_bend
D:6:      layout_cave_pools, serial_shops, nicolae_book_shop_shelving,
          shop_fountains, uniq_pikel
Temple:   eino_narrow_crystal_temple

Skill      XL: |  1  2  3  4  5  6  7 |
---------------+----------------------+-----
Axes           | 3 4 5 6 7 |  7.5
Invocations    | 2 3 |  3.6
Fighting       | |  3.0
Armour         | |  2.6
Shields        | |  2.1

Action                     |  1- 3 |  4- 6 |  7- 9 || total
---------------------------+-------+-------+-------++-------
  Melee: War axe           |    97 |   204 |   112 ||   413
    Use: Scroll            |       |     3 |     2 ||     5
 Armour: Scale mail        |   112 |   126 |    50 ||   288
  Dodge: Dodged            |    52 |    76 |    23 ||   151
  Block: Buckler           |    27 |    11 |       ||    38

Table legend: (Time is in decaauts)
 A = Elapsed time spent in this place.
 B = Non-inter-level travel time spent in this place.
 C = Inter-level travel time spent in this place.
 D = Time resting spent in this place.
 E = Time spent auto-exploring this place.
 F = Levels seen in this place.
 G = Mean time per level.
                   A        B        C        D        E       F      G
               +--------+--------+--------+--------+--------+-----+--------+
         Total |   4113 |   3902 |    211 |    225 |   2839 |   8 |  514.1 |
       Dungeon |   3580 |   3376 |    204 |    225 |   2459 |   6 |  596.7 |
        Temple |     16 |      9 |      7 |      0 |      0 |   1 |   16.0 |
         Sewer |    516 |    516 |      0 |      0 |    380 |   1 |  516.0 |
               +--------+--------+--------+--------+--------+-----+--------+

Top non-repeatable levels by time:
     D:4: 1196 daAuts
     D:1: 768 daAuts
     D:2: 597 daAuts
     D:5: 578 daAuts
   Sewer: 516 daAuts
     D:3: 430 daAuts
  Temple: 16 daAuts
     D:6: 9 daAuts
